 Dungeon Crawl Stone Soup version 0.27-a0-448-gace5c5693b (webtiles) character file.

Game seed: 9319023924591491473

4 jasper the Sneak (level 1, -1/9 HPs)
             Began as a Spriggan Enchanter on Feb 27, 2021.
             Slain by a hobgoblin
             ... wielding a +0 club
              (3 damage)
             ... on level 1 of the Dungeon.
             The game lasted 00:00:29 (441 turns).

jasper the Sneak (Spriggan Enchanter)                Turns: 441, Time: 00:00:29

Health: -1/9       AC:  2    Str:  4    XL:     1   Next: 50%
Magic:  4/5        EV: 17    Int: 16    God:
Gold:   25         SH:  0    Dex: 15    Spells: 4/5 levels left

rFire    . . .     SeeInvis +   a - +1 dagger
rCold    . . .     Faith    .   (shield restricted)
rNeg     . . .     Spirit   .   b - +0 robe
rPois    .         Reflect  .   (helmet restricted)
rElec    .         Harm     .   (no cloak)
rCorr    .         Rampage  .   (gloves unavailable)
Will     .....                  (boots unavailable)
Stlth    +++.......             (no amulet)
HPRegen  0.03/turn              (no ring)
MPRegen  0.09/turn              (no ring)

@: very quick
A: very small, unfitting armour, see invisible, speed 3
a: no special abilities


You were on level 1 of the Dungeon.
You visited 1 branch of the dungeon, and saw 1 of its levels.

You collected 25 gold pieces.

Inventory:

Hand Weapons
 a - a +1 dagger (weapon)
Armour
 b - a +0 robe (worn)
Potions
 c - a potion of curing {unknown}


   Skills:
 + Level 1.2 Short Blades
 - Level 2.6 Dodging
 + Level 4.5 Stealth
 + Level 2.8 Spellcasting
 + Level 3.7 Hexes


You had 4 spell levels left.
You knew the following spells:

 Your Spells              Type           Power        Failure   Level
a - Corona                Hex            15%          4%          1

Your spell library contained the following spells:

 Spells                   Type           Power        Failure   Level
 Confusing Touch          Hex            14%          12%         3
 Tukima's Dance           Hex            14%          12%         3
 Ensorcelled Hibernation  Hex/Ice        16%          14%         2
 Dazzling Flash           Conj/Hex       16%          26%         3


Dungeon Overview and Level Annotations

Branches:
Dungeon (1/15)

Altars:


Innate Abilities, Weirdness & Mutations

You are very small and have problems with some larger weapons.
You are too small for most types of armour.
You have supernaturally acute eyesight. (SInv)
You cover ground extremely quickly.


Message History

The hobgoblin misses you.
Aiming: Corona (safe; 4% risk of failure)
Press: ? - help, Q - select action Shift-Dir - straight line, f - hobgoblin
Aim: a hobgoblin, wielding a +0 club (chance to affect: 68%)
The hobgoblin barely resists.
You now have 4/5 mp.
You hit the hobgoblin but do no damage.
The hobgoblin hits you but does no damage.
You hit the hobgoblin but do no damage. The hobgoblin barely misses you.
You hit the hobgoblin but do no damage. The hobgoblin hits you with a +0 club.
You take 3 damage, and have 6/9 hp.
MASSIVE DAMAGE!!
Aiming: Corona (safe; 4% risk of failure)
Press: ? - help, Q - select action Shift-Dir - straight line, f/p - hobgoblin
Aim: a hobgoblin, wielding a +0 club (chance to affect: 68%)
The hobgoblin is outlined in light.
The hobgoblin hits you with a +0 club.
You take 1 damage, and have 5/9 hp.
You now have 3/5 mp.
You are too injured to fight recklessly!
You are too injured to fight recklessly!
You hit the hobgoblin but do no damage. The hobgoblin misses you.
You hit the hobgoblin.
The hobgoblin is lightly wounded.
The hobgoblin hits you but does no damage.
You hit the hobgoblin but do no damage.
The hobgoblin is lightly wounded.
The hobgoblin completely misses you.
You completely miss the hobgoblin.
The hobgoblin is lightly wounded.
You hit the hobgoblin.
The hobgoblin is heavily wounded.
The hobgoblin misses you.
You hit the hobgoblin.
The hobgoblin is severely wounded.
The hobgoblin hits you with a +0 club.
* * * LOW HITPOINT WARNING * * *
You take 3 damage, and have 2/9 hp.
MASSIVE DAMAGE!!
You hit the hobgoblin.
The hobgoblin is almost dead.
The hobgoblin stops glowing.
The hobgoblin hits you with a +0 club.
You die...

###### #
#######....########
#.....'............
##.####....#######.
#.#....††.......'.
#.#.#############.
#.# #. #.# #. #@#
## #g# #.# #.# #.#
#.# #.# #.#


You could see a hobgoblin.

Vanquished Creatures
  A goblin (D:1)
  A hobgoblin (D:1)
  A kobold (D:1)
  A rat (D:1)
4 creatures vanquished.

Notes
Turn   | Place    | Note
-------+----------+-------------------------------------------
     0 | D:1      | jasper the Spriggan Enchanter began the quest for the Orb.
     0 | D:1      | Reached XP level 1. HP: 9/9 MP: 5/5
   441 | D:1      | Slain by a hobgoblin

Illustrated notes

Levels and vault maps discovered:
D:1:      saegor_arrival_miasma, layout_basic, minmay_statues_item,
          minmay_tiny_reverse_x

Action                   || total
-------------------------++-------
Melee: Dagger            ||    26
 Cast: Corona            ||     5
 Stab: Sleeping          ||     1
Dodge: Dodged            ||    17

Table legend: (Time is in decaauts)
 A = Elapsed time spent in this place.
 B = Non-inter-level travel time spent in this place.
 C = Inter-level travel time spent in this place.
 D = Time resting spent in this place.
 E = Time spent auto-exploring this place.
 F = Levels seen in this place.
 G = Mean time per level.
                   A        B        C        D        E       F      G
               +--------+--------+--------+--------+--------+-----+--------+
         Total |    354 |    354 |      0 |      0 |    309 |   1 |  354.0 |
       Dungeon |    354 |    354 |      0 |      0 |    309 |   1 |  354.0 |
               +--------+--------+--------+--------+--------+-----+--------+

Top non-repeatable levels by time:
     D:1: 354 daAuts
